 Dungeon Crawl Stone Soup version 0.27.0-1-g7a089689b8 (webtiles) character file.

Game seed: 5085033729777209062

707 gimp the Magician (level 7, -2/32 HPs)
             Began as a Vine Stalker Venom Mage on Aug 9, 2021.
             Was a Believer of Vehumet.
             Succumbed to a water moccasin's poison
             ... on level 5 of the Dungeon.
             The game lasted 00:06:59 (5366 turns).

gimp the Magician (Vine Stalker Venom Mage)         Turns: 5366, Time: 00:07:00

Health: -2/32      AC:  4    Str: 17    XL:     7   Next: 67%
Magic:  1/15       EV: 12    Int: 23    God:    Vehumet [**....]
Gold:   144        SH:  5    Dex: 14    Spells: 10/16 levels left

rFire    . . .     SeeInvis .   a - +2 dagger (vamp)
rCold    . . .     Faith    .   f - +0 buckler
rNeg     . . .     Spirit   +   o - +0 robe
rPois    .         Reflect  .   g - +1 helmet
rElec    .         Harm     .   (no cloak)
rCorr    .         Rampage  .   (no gloves)
Will     .....                  (no boots)
Stlth    ++........             (no amulet)
HPRegen  1.10/turn              i - +6 ring of strength
MPRegen  0.14/turn              h - +6 ring of intelligence

@: lethally poisoned (-2 -> -12)
A: fangs 2, regeneration 1, magic shield, antimagic bite, no potion heal 2
a: Renounce Religion


You were on level 5 of the Dungeon.
You worshipped Vehumet.
Vehumet was pleased with you.
You visited 1 branch of the dungeon, and saw 5 of its levels.

You collected 144 gold pieces.

Inventory:

Hand Weapons
 a - a +2 vampiric dagger (weapon)
 q - the +12 dagger "Biurr" {protect, Will++ Int-5 SInv}
   (You found it on level 4 of the Dungeon)

   It grants its wielder temporary protection when it strikes (+7 to AC).
   Int:       It affects your intelligence (-5).
   SInv:      It lets you see invisible.
   Will:      It greatly increases your willpower.
Missiles
 n - 10 poisoned darts
Armour
 f - a +0 buckler (worn)
 g - a +1 helmet (worn)
 o - a +0 robe (worn)
Jewellery
 h - a +6 ring of intelligence (right hand)
 i - a +6 ring of strength (left hand)
 u - a ring of resist corrosion
Wands
 m - a wand of acid (6)
 r - a wand of polymorph (5)
Scrolls
 b - a scroll of amnesia {unknown}
 d - 4 scrolls of identify {unknown}
 e - a scroll of torment {unknown}
 p - a scroll of noise {unknown}
 t - a scroll of vulnerability {unknown}
Potions
 c - 4 potions of brilliance {unknown}
 j - 2 potions of curing {unknown}
 k - a potion of degeneration {unknown}
 l - a potion of cancellation {unknown}
 s - 2 potions of flight {unknown}


   Skills:
 - Level 1.5 Dodging
 - Level 2.4 Stealth
 + Level 3.7 Shields
 + Level 5.1 Spellcasting
 + Level 4.0 Conjurations
 - Level 1.0 Transmutations
 - Level 4.0 Poison Magic


You had 10 spell levels left.
You knew the following spells:

 Your Spells              Type           Power      Damage    Failure   Level
a - Sting                 Tmut/Pois      68%        1d6       3%          1
b - Poisonous Vapours     Pois/Air       30%        N/A       6%          2
c - Mephitic Cloud        Conj/Pois/Air  18%        N/A       10%         3

Your spell library contained the following spells:

 Spells                   Type           Power      Damage    Failure   Level
 Shock                    Conj/Air       60%        1d6       4%          1
 Slow                     Hex            5%         N/A       14%         2
 Olgreb's Toxic Radiance  Pois           24%        N/A       19%         4
 Confusing Touch          Hex            5%         N/A       28%         3
 Vampiric Draining        Necr           2%         2d6       28%         3


Dungeon Overview and Level Annotations

Branches:
Dungeon (5/15)
 Temple: D:4-7

Altars:
Okawaru
Uskayaw
Vehumet

Shops:
D:1 (


Innate Abilities, Weirdness & Mutations

You have extremely sharp teeth.
Your natural rate of healing is unusually fast.
When hurt, damage is shared between your health and your magic reserves.
Your bite disrupts and absorbs the magic of your enemies.
Potions cannot restore your health.


Message History

You take 2 damage, and have 28/32 hp.
You now have 6/15 mp.
The sting hits the water moccasin.
The water moccasin looks even sicker.
The water moccasin is lightly wounded.
You feel sick. The water moccasin bites you.
You are more poisoned.
The water moccasin poisons you! The water moccasin bites you!
You take 8 damage, and have 20/32 hp.
MASSIVE DAMAGE!!
You now have 4/15 mp.
The sting hits the water moccasin.
The water moccasin partially resists.
The water moccasin looks even sicker.
The water moccasin is lightly wounded.
You feel very sick. The water moccasin bites you.
You take 6 damage, and have 14/32 hp.
You now have 2/15 mp.
You are too injured to fight recklessly!
You feel very sick.
You take 3 damage, and have 11/32 hp.
You feel very sick.
The water moccasin bites you but does no damage.
You take 3 damage, and have 8/32 hp.
You feel sick.
You take 1 damage, and have 7/32 hp.
You are too injured to fight recklessly!
Aiming: Corrosive Bolt
Press: ? - help, Shift-Dir - straight line, f/p - water moccasin
Aim: a water moccasin (moderately wounded, very poisoned, 53% to hit)
The bolt of acid hits the water moccasin!
The water moccasin is splashed with acid.
The acid corrodes the water moccasin!
The water moccasin is almost dead.
You feel very sick. You block the water moccasin's attack.
The water moccasin bites you.
* * * LOW HITPOINT WARNING * * *
You are more poisoned.
The water moccasin poisons you!
You take 6 damage, and have 1/32 hp.
You now have 1/15 mp.
Aiming: Corrosive Bolt
Press: ? - help, Shift-Dir - straight line, f/p - water moccasin
Aim: a water moccasin (almost dead, very poisoned, covered in acid, 53% to hit)
The bolt of acid misses the water moccasin.
You die...

################
...........†...#
.......@S.<....#
...............#
...............#
........)......#
.....###########
..... .... ....


You could see a water moccasin (very poisoned, corroded).

Vanquished Creatures
  Sigmund (D:4)
  Edmund (D:4)
  An ogre (D:4)
  A phantom (D:4)
  A scorpion (D:4)
  A centaur skeleton (D:4)
  Jessica (D:3)
  An iguana (D:4)
  An orc wizard (D:3)
  A howler monkey zombie (D:4)
  4 adders
  An adder skeleton (D:4)
  3 dart slugs
  5 orcs (D:3)
  7 bats
  9 endoplasms
  2 giant cockroaches (D:3)
  5 hobgoblins
  5 jackals (D:1)
  A quokka (D:3)
  5 ball pythons
  6 frilled lizards
  9 goblins
  2 kobolds
  3 rats
77 creatures vanquished.

Notes
Turn   | Place    | Note
-------+----------+-------------------------------------------
     0 | D:1      | gimp the Vine Stalker Venom Mage began the quest for the
                  | Orb.
     0 | D:1      | Reached XP level 1. HP: 9/9 MP: 4/4
    39 | D:1      | Found Diyqut's Antique Weapon Shop.
   528 | D:1      | Reached XP level 2. HP: 13/13 MP: 4/6
  1529 | D:2      | Found an iron altar of Okawaru.
  1544 | D:2      | Reached XP level 3. HP: 12/16 MP: 1/8
  1628 | D:2      | Learned a level 2 spell: Poisonous Vapours
  1632 | D:2      | Learned a level 3 spell: Mephitic Cloud
  2079 | D:2      | Found a faded altar of an unknown god.
  2088 | D:2      | Became a worshipper of Vehumet
  2088 | D:2      | Reached * piety under Vehumet
  2088 | D:2      | Offered knowledge of Magic Dart by Vehumet.
  2601 | D:3      | Reached skill level 3 in Spellcasting
  2601 | D:3      | Gained mutation: Your natural rate of healing is unusually
                  | fast. [Vine Stalker growth]
  2601 | D:3      | Reached XP level 4. HP: 21/21 MP: 1/9
  2947 | D:3      | Reached skill level 1 in Shields
  3091 | D:3      | Noticed Jessica
  3097 | D:3      | Killed Jessica
  3098 | D:3      | Reached skill level 1 in Conjurations
  3204 | D:3      | Reached ** piety under Vehumet
  3204 | D:3      | Offered knowledge of Shock by Vehumet.
  3714 | D:3      | Reached XP level 5. HP: 24/24 MP: 3/11
  4143 | D:4      | Identified the +12 dagger "Biurr" {protect, Will++ Int-5
                  | SInv}
  4173 | D:4      | Noticed an ogre
  4184 | D:4      | Killed an ogre
  4185 | D:4      | Reached XP level 6. HP: 28/28 MP: 10/12
  4254 | D:4      | Reached skill level 4 in Spellcasting
  4393 | D:4      | Noticed Sigmund
  4405 | D:4      | Killed Sigmund
  4406 | D:4      | Reached XP level 7. HP: 26/32 MP: 1/14
  4509 | D:4      | Noticed Edmund
  4526 | D:4      | Killed Edmund
  4756 | D:4      | Found a hide-covered altar of Uskayaw.
  4781 | D:4      | Reached skill level 5 in Spellcasting
  5350 | D:5      | Entered Level 5 of the Dungeon
  5365 | D:5      | HP: 1/32 [water moccasin (4)]
  5366 | D:5      | Succumbed to a water moccasin's poison

Illustrated notes

Levels and vault maps discovered:
D:1:      ncdulo_lavacross, layout_loops_corners, serial_shops, shop
D:2:      layout_basic, basic_ecumenical_altar, basic_altar, corner_web_ring
D:3:      layout_basic, minmay_statues_item, uniq_jessica
D:4:      layout_basic, mainiacjoe_overflow_surrounded_room, fountainhead,
          moated_statue, sigmund_edmund_badplayer
D:5:      layout_gridville, general_overflow_altar,
          nicolae_qazlal_scattered_showers, minmay_temple_entry_waves,
          fountainhead

Skill      XL: |  1  2  3  4  5  6  7 |
---------------+----------------------+-----
Poison Magic   | 4 |  4.0
Spellcasting   | 3 4 5 |  5.1
Shields        | 1 2 3 |  3.7
Conjurations   | 1 2 3 4 |  4.0
Dodging        | |  1.5
Stealth        | |  2.4
Transmutations | |  1.0

Action                   |  1- 3 |  4- 6 |  7- 9 || total
-------------------------+-------+-------+-------++-------
Melee: Unarmed           |     4 |       |       ||     4
       Bite              |     2 |    10 |     7 ||    19
       Dagger            |     1 |    15 |    31 ||    47
 Cast: Sting             |    63 |    79 |    30 ||   172
Evoke: Wand              |       |     1 |     2 ||     3
Armor: Robe              |     5 |    13 |    16 ||    34
Dodge: Dodged            |    20 |    25 |    20 ||    65
Block: Buckler           |     2 |     8 |     3 ||    13
